 Dungeon Crawl Stone Soup version 0.19-a0-990-gf36c7f1 (webtiles) character file.

23 ourship the Stinger (level 3, 27/28 HPs)
             Began as a Naga Venom Mage on July 14, 2016.
             Quit the game on level 2 of the Dungeon.
             The game lasted 00:07:11 (1469 turns).

ourship the Stinger (Naga Venom Mage)               Turns: 1469, Time: 00:07:11

Health: 27/28      AC:  3    Str: 10    XL:     3   Next: 0%
Magic:  4/6        EV: 10    Int: 16    God:
Gold:   37         SH:  0    Dex: 11    Spells: 1 memorised, 5 levels left

rFire  . . .     SeeInvis +     i - +0 dagger
rCold  . . .     Gourm    .     a - +0 robe
rNeg   . . .     Faith    .     (no shield)
rPois  +         Spirit   .     (no helmet)
rElec  .         Dismiss  .     q - +0 cloak
rCorr  .         Reflect  .     (no gloves)
SustAt .         Harm     .     (no barding)
MR     .....                    (no amulet)
Stlth  ++........               s - ring of wizardry
                                k - +1 ring of slaying

@: very slow, not resistant to hostile enchantments, unstealthy
A: see invisible, deformed body, poison resistance, slowness 2, slow metabolism
1, spit poison 2, AC +1
a: Spit Poison


You were on level 2 of the Dungeon.
You were not hungry.

You visited 1 branch of the dungeon, and saw 2 of its levels.

You collected 37 gold pieces.

Inventory:

Hand Weapons
 i - a +0 dagger (weapon)
Missiles
 g - 7 tomahawks of dispersal (quivered)
Armour
 a - a +0 robe (worn)
 q - a +0 cloak (worn)
Jewellery
 k - a +1 ring of slaying (left hand)
 s - a ring of wizardry (right hand)
Scrolls
 n - a scroll of recharging
Potions
 e - a potion of heal wounds {unknown}
 f - 2 potions of agility {unknown}
 m - a potion of cure mutation {unknown}
 o - a potion of magic {unknown}
 r - a potion of curing {unknown}
Books
 b - a Young Poisoner's Handbook

   Spells                             Type                      Level
   a - Sting                          Conjuration/Poison           1
   b - Mephitic Cloud                 Conjuration/Poison/Air       3
   c - Olgreb's Toxic Radiance        Poison                       4
   d - Alistair's Intoxication        Transmutation/Poison         5
   e - Venom Bolt                     Conjuration/Poison           5
Comestibles
 c - a bread ration
 d - a meat ration
 h - 4 chunks of flesh


   Skills:
 + Level 1.8 Dodging
 + Level 3.3 Stealth
 + Level 2.3 Spellcasting
 + Level 5.7 Poison Magic


You had 5 spell levels left.
You knew the following spells:

 Your Spells              Type           Power        Failure   Level  Hunger
a - Sting                 Conj/Pois      ##..         4%          1    #......


Dungeon Overview and Level Annotations

Branches:
Dungeon (2/15)

Altars:
Nemelex Xobeh


Innate Abilities, Weirdness & Mutations

You cannot wear boots.
Your serpentine skin is tough. (AC +1)
You have supernaturally acute eyesight. (SInv)
Armour fits poorly on your strangely shaped body.
Your system is resistant to poisons. (rPois)
You cover ground very slowly.
You have a slow metabolism.
You can spit poison.


Message History

A hobgoblin comes into view.
The hobgoblin shouts!
Found a club.
The hobgoblin hits you.
Casting: Sting
Confirm with . or Enter, or press ? or * to list all spells.
Aiming: Sting
Press: ? - help, Shift-Dir - straight line, f - hobgoblin
Aim: a hobgoblin The sting hits the hobgoblin.
The hobgoblin is poisoned.
You kill the hobgoblin!
You have reached level 3!
Your experience leads to an increase in your attributes!
Increase (S)trength, (I)ntelligence, or (D)exterity?
You feel clever.
Your skin feels tougher.
Unknown command.
Saving game... please wait.
Welcome back, ourship the Naga Venom Mage.
Press ? for a list of commands and other information.
Are you sure you want to abandon this character and quit the game? (Confirm with "yes".)

#... #'##... ..
##.....). ........
#.....# #.....#
####### #.....#
#...... #.....##
#...... #@.....#
#...... #.##...#
#....(. #.##...#
#......
###......#####.#####
#............#.#
###......###.#.#####
#.....).# #.#.....[
#....##.# #.#......
#....##.# #.#..(...


There were no monsters in sight!

Vanquished Creatures
  A giant gecko (D:1)
  A giant cockroach (D:1)
  7 goblins
  3 hobgoblins
  3 jackals (D:1)
  A kobold (D:1)
  2 bats (D:1)
18 creatures vanquished.

Notes
Turn   | Place    | Note
-------+----------+-------------------------------------------
     0 | D:1      | ourship the Naga Venom Mage began the quest for the Orb.
     0 | D:1      | Reached XP level 1. HP: 15/15 MP: 3/3
   330 | D:1      | Reached XP level 2. HP: 19/22 MP: 0/5
   688 | D:1      | Found a sparkling altar of Nemelex Xobeh.
  1468 | D:2      | Reached XP level 3. HP: 27/28 MP: 4/6
  1469 | D:2      | Quit the game

Vault maps used:
D:1:      evilmike_arrival_rings, nemelex_diamond_rough_becter
D:2:      uniq_crazy_yiuf_cottage

Action                   || total
-------------------------++-------
Melee: Dagger            ||     3
 Cast: Sting             ||    38
 Abil: Spit Poison       ||     1
  Use: Scroll            ||     5
  Eat: Beef jerky        ||     1
Armor: Robe              ||     3
Dodge: Dodged            ||    12
